 Dungeon Crawl Stone Soup version 0.27-a0-96-gb51a1d6fd6 (webtiles) character file.

Game seed: 7462019265939964799

9937 knot the Cleaver (level 11, -23/75 HPs)
             Began as a Demonspawn Berserker on Jan 19, 2021.
             Was a High Priest of Trog.
             Annihilated by a boulder beetle (43 damage)
             ... on level 11 of the Dungeon.
             The game lasted 00:32:05 (15593 turns).

knot the Cleaver (Demonspawn Berserker)            Turns: 15593, Time: 00:32:05

Health: -23/75     AC: 10    Str: 17    XL:     11   Next: 29%
Magic:  0/11       EV: 12    Int: 13    God:    Trog [*****.]
Gold:   2262       SH:  4    Dex: 19    Spells: 10/10 levels left

rFire    x . .     SeeInvis +   H - +12 halberd of Mana {vamp, +Inv rF- Int+4}
rCold    . . .     Faith    +   (shield currently unavailable)
rNeg     . . .     Spirit   +   M - +0 troll leather armour
rPois    +         Reflect  .   (helmet restricted)
rElec    .         Harm     .   v - scarf {shadows}
rCorr    .         Rampage  .   z - +1 pair of gloves of Wimmur {rPois Dex+3}
Will     .....                  (no boots)
Stlth    ++........             y - amulet of faith
HPRegen  0.62/turn              h - ring of stealth
MPRegen  0.24/turn              N - +4 ring of protection

@: berserk cooldown, slowed, very slow
A: antennae 2, large bone plates 1, see invisible, agile 1, dopey 1, magic
shield, magic regeneration
a: Renounce Religion, Evoke Invisibility, Berserk, Trog's Hand, Brothers in Arms


You were on level 11 of the Dungeon.
You worshipped Trog.
Trog was extremely pleased with you.
You visited 2 branches of the dungeon, and saw 12 of its levels.
You also visited: Ossuary and Bailey.

You collected 2262 gold pieces.

Inventory:

Hand Weapons
 a - a +1 hand axe
 x - a +4 spear
 H - the +12 halberd of Mana (weapon) {vamp, +Inv rF- Int+4}
   (You took it off a gnoll on level 4 of the Dungeon)

   It inflicts no extra harm, but heals its wielder when it wounds a living foe.
   It affects your intelligence (+4).
   It makes you vulnerable to fire.
   It lets you turn invisible.
 I - a +1 antimagic executioner's axe
Missiles
 e - 234 stones
 m - 44 poisoned darts (quivered)
 o - 88 sling bullets
 t - 63 boomerangs
 B - 5 curare-tipped darts
Armour
 p - +0 swamp dragon scales
 v - a scarf of shadows (worn)
 z - the +1 pair of gloves of Wimmur (worn) {rPois Dex+3}
   (You acquired it on level 5 of the Dungeon)

   It affects your dexterity (+3).
   It protects you from poison.
 C - a +0 cloak
 M - a +0 troll leather armour (worn)
Jewellery
 h - a ring of stealth (left hand)
 n - an uncursed ring of wizardry
 y - an amulet of faith (around neck)
 D - an uncursed ring of fire
 N - a +4 ring of protection (right hand)
 O - an uncursed amulet of guardian spirit
Wands
 g - a wand of random effects (18)
 E - a wand of digging (6)
 G - a wand of flame (11)
Scrolls
 c - 4 scrolls of enchant weapon
 d - 2 scrolls of teleportation
 f - 3 scrolls of fear
 l - 2 scrolls of enchant armour
 q - 7 scrolls of remove curse
 r - 2 scrolls of random uselessness
 F - a scroll of fog
Potions
 i - a potion of cancellation
 j - 3 potions of attraction
 k - 6 potions of curing
 s - 2 potions of haste
 u - 2 potions of ambrosia
 w - 3 potions of might
 A - 5 potions of heal wounds
 J - 4 potions of magic {unknown}
 K - 2 potions of berserk rage
 L - 5 potions of mutation
Miscellaneous
 P - a phial of floods


   Skills:
 - Level 3.0 Fighting
 * Level 12.2 Axes
 * Level 10.8 Throwing
 - Level 1.7 Armour
 - Level 1.7 Dodging


You had 10 spell levels left.
You didn't know any spells.
Your spell library contained the following spells:

 Spells                   Type           Power        Failure   Level
 Confusing Touch          Hex            0%           73%         3
 Gell's Gravitas          Tloc           0%           73%         3
 Petrify                  Tmut/Erth      0%           98%         4
 Metabolic Englaciation   Hex/Ice        0%           100%        5
 Yara's Violent Unravell  Hex/Tmut       0%           100%        5


Dungeon Overview and Level Annotations

Branches:
Dungeon (11/15)            Temple (1/1) D:6            Lair (0/6) D:9
    Orc (0/2) D:10        Ossuary (visited)          Bailey (visited)

Altars:
Ashenzari
Cheibriados
Dithmenos
Elyvilon
Fedhas
Gozag
Hepliaklqana
Kikubaaqudgha
Makhleb
Nemelex Xobeh
Okawaru
Qazlal
Ru
Sif Muna
Trog
Uskayaw
Vehumet
Wu Jian
Xom
Yredelemnul
Zin
The Shining One

Shops:
D:7 [

Portals:
Trove: D:10 (give +7 demon blade)

Annotations:
D:7 2 transporters, Grum; Snicker's ghost, weakling DsDe


Innate Abilities, Weirdness & Mutations

You have a pair of antennae on your head.
You are partially covered in large bone plates. (SH +4)
When hurt, damage is shared between your health and your magic reserves.
You regenerate magic rapidly.
You have supernaturally acute eyesight. (SInv)
You are agile. (Dex +2)
You are dopey. (Int -2)


Message History

You hit the boulder beetle.
You feel better.
The boulder beetle is almost dead.
The quokka bites you but does no damage.
The boulder beetle bites you.
* * * LOW HITPOINT WARNING * * *
The quokka barely misses you.
Reach: H) +12 halberd of Mana {vamp, +Inv rF- Int+4}
Press: ? - help, Dir - move target, f/p - boulder beetle
Aim: a boulder beetle (almost dead)
You hit the boulder beetle but do no damage.
The boulder beetle is almost dead.
The quokka bites you but does no damage.
The boulder beetle leaps!
The quokka closely misses you.
The boulder beetle curls into a ball and begins rolling!
Unknown command.
The quokka barely misses you. The quokka closely misses you.
The quokka barely misses you. The quokka closely misses you.
The boulder beetle hits you!!!
Ouch! That really hurt!
You die...

#...<........#
#............# ....
#............### ....
#..............####...
#..########.........#
#.. { #.........# ##.
#.........+
#....B°...# {
#...@r.°°.#
+.?..........
+.............
#..........°..
....#+######### .....
.....


You could see a boulder beetle and a quokka.

Vanquished Creatures
  A two-headed ogre (D:10)
  Nergalle (D:10)
  Maggie (D:5)
  A troll (D:9)
  A shadow (D:10)
  8 yaks (D:10)
  An ice beast (D:8)
  7 sky beasts
  5 orc warriors
  2 black bears
  An eye of draining (D:8)
  4 phantoms
  3 ogres
  9 centaurs
  7 bullfrogs
  A wyvern zombie (D:10)
  10 scorpions
  4 killer bees (D:8)
  3 troll zombies (D:10)
  20 wights
  2 howler monkeys (D:6)
  A jelly (D:6)
  A bullfrog zombie (D:7)
  2 centaur zombies (Ossuary)
  2 quasits
  2 centaur skeletons
  6 hounds
  5 orc priests
  A gnoll shaman (D:4)
  8 orc wizards
  A bullfrog skeleton (D:8)
  3 iguanas
  7 worker ants
  6 ogre zombies
  A hound skeleton (D:4)
  7 mummies (Ossuary)
  A worker ant zombie (D:10)
  14 gnolls
  19 adders
  A howler monkey skeleton (D:10)
  A shadow imp (D:10)
  3 white imps
  An ufetubus (D:6)
  4 adder zombies (Ossuary)
  2 adder skeletons
  3 worms
  5 leopard geckos
  22 orcs
  7 giant cockroaches
  18 goblins
  15 hobgoblins
  20 kobolds
  2 quokkas
  12 bats
  4 frilled lizards
  A goblin skeleton (D:10)
  7 goblin zombies
  A hobgoblin skeleton (D:10)
  7 hobgoblin zombies
  2 jackal skeletons (D:4)
  A jackal zombie (D:5)
  3 kobold zombies (Ossuary)
  3 orc skeletons (D:10)
  12 orc zombies
  3 quokka zombies
  6 rats
  4 rat zombies (Ossuary)
349 creatures vanquished.

Vanquished Creatures (collateral kills)
  The ghost of hehateme the Changer, an amateur DsTm of Gozag (D:4)
  6 gnolls (D:4)
7 creatures vanquished.

Vanquished Creatures (others)
  An orc (D:6)
  23 fungi
  12 plants
36 creatures vanquished.

Grand Total: 392 creatures vanquished

Notes
Turn   | Place    | Note
-------+----------+-------------------------------------------
     0 | D:1      | knot the Demonspawn Berserker began the quest for the Orb.
     0 | D:1      | Reached XP level 1. HP: 18/18 MP: 1/1
    51 | D:1      | Reached skill level 3 in Axes
   184 | D:1      | Gained mutation: When hurt, damage is shared between your
                  | health and your magic reserves. [demonic ancestry]
   184 | D:1      | Reached XP level 2. HP: 20/24 MP: 2/2
   436 | D:1      | You fall into a shaft and drop 1 floor!
   902 | D:2      | Reached XP level 3. HP: 24/29 MP: 1/3
  1303 | D:2      | Reached skill level 4 in Axes
  1417 | D:2      | You fall into a shaft and drop 2 floors!
  1417 | D:4      | Found a blossoming altar of Fedhas.
  1451 | D:4      | Reached ** piety under Trog
  1602 | D:3      | Reached XP level 4. HP: 35/35 MP: 4/4
  1613 | D:3      | Reached skill level 5 in Axes
  1614 | D:3      | Gained mutation: You have a pair of small antennae on your
                  | head. [demonic ancestry]
  1614 | D:3      | Reached XP level 5. HP: 38/41 MP: 2/5
  2063 | D:2      | Found a glowing silver altar of Zin.
  2076 | D:2      | Found a radiant altar of Vehumet.
  2221 | D:2      | Found a shadowy altar of Dithmenos.
  2274 | D:2      | Found a broken altar of Ashenzari.
  2436 | D:3      | Found a stormy altar of Qazlal.
  2522 | D:3      | Noticed an air elemental
  2525 | D:3      | Noticed a water elemental
  2542 | D:3      | Noticed a sky beast
  2560 | D:3      | Killed a sky beast
  2561 | D:3      | Reached skill level 6 in Axes
  2561 | D:3      | Gained mutation: You regenerate magic rapidly. [demonic
                  | ancestry]
  2561 | D:3      | Reached XP level 6. HP: 47/47 MP: 4/6
  2703 | D:3      | Found a burning altar of Makhleb.
  2703 | D:3      | Found a glowing golden altar of the Shining One.
  2987 | D:3      | Gained mutation: You have supernaturally acute eyesight.
                  | (SInv) [potion of mutation]
  2987 | D:3      | Gained mutation: You are dopey. (Int -2) [potion of
                  | mutation]
  2987 | D:3      | Gained mutation: You are agile. (Dex +2) [potion of
                  | mutation]
  3034 | D:3      | Reached skill level 1 in Throwing
  3111 | D:3      | Noticed a fire elemental
  3458 | D:4      | Identified the +12 halberd of Mana {vamp, +Inv rF- Int+4}
  3594 | D:4      | Found a transporter.
  3598 | D:4      | Found a transporter.
  3660 | D:4      | Reached XP level 7. HP: 48/52 MP: 7/7
  4091 | D:5      | Entered Level 5 of the Dungeon
  4133 | D:5      | Found a sand-covered staircase.
  4142 | D:5      | Reached skill level 7 in Axes
  4178 | Ossuary  | Entered an ossuary
  4210 | Ossuary  | Reached *** piety under Trog
  5731 | D:5      | Reached XP level 8. HP: 58/58 MP: 8/8
  6286 | D:5      | Reached skill level 8 in Axes
  6542 | D:5      | Identified 2 scrolls of acquirement
  6542 | D:5      | Acquired the +1 pair of gloves of Wimmur {rPois Dex+3}
  6549 | D:5      | Acquired 597 gold pieces
  6663 | D:6      | Noticed Maggie
  6683 | D:5      | Killed Maggie
  6684 | D:5      | Reached skill level 5 in Throwing
  7124 | D:6      | Reached skill level 9 in Axes
  7126 | D:6      | Reached **** piety under Trog
  7276 | D:6      | Gained mutation: You have a pair of antennae on your head.
                  | [demonic ancestry]
  7276 | D:6      | Reached XP level 9. HP: 55/63 MP: 9/9
  7366 | D:6      | Found a staircase to the Ecumenical Temple.
  7372 | Temple   | Entered the Ecumenical Temple
  8775 | D:7      | Noticed a +0 dagger
  8776 | D:7      | Found a hide-covered altar of Uskayaw.
  8776 | D:7      | Noticed a +0 dagger
  9102 | D:7      | Identified the +1 scale mail "Misufim" {Rampage rF+ rCorr
                  | Dex+2}
  9102 | D:7      | Identified the +1 kite shield "Zuazoxyv" {rC+ Str+3}
  9102 | D:7      | Noticed Grum
  9114 | D:7      | Found a transporter.
  9259 | D:7      | Reached ***** piety under Trog
  9375 | D:7      | Found Ekheeki's Armour Emporium.
  9470 | D:7      | Reached skill level 10 in Axes
  9638 | D:7      | Found a basalt altar of Yredelemnul.
 10419 | D:7      | Found a transporter.
 10440 | D:7      | Noticed Snicker's ghost (weakling DsDe)
 10517 | D:4      | Noticed hehateme's ghost (amateur DsTm)
 10538 | D:4      | Killed hehateme's ghost
 11029 | D:8      | Found a flagged portal.
 11046 | D:8      | Reached XP level 10. HP: 70/70 MP: 10/10
 11066 | Bailey   | Entered a bailey
 11121 | Bailey   | Received a gift from Trog
 11433 | Bailey   | Acquired 797 gold pieces
 12191 | D:8      | Reached skill level 11 in Axes
 13070 | D:9      | Found a staircase to the Lair.
 13702 | D:10     | Entered Level 10 of the Dungeon
 13704 | D:10     | Noticed Nergalle
 14173 | D:10     | Killed Nergalle
 14386 | D:10     | Noticed a two-headed ogre
 14395 | D:10     | Killed a two-headed ogre
 14396 | D:10     | Reached skill level 10 in Throwing
 14479 | D:10     | Received a gift from Trog
 14480 | D:10     | Gained mutation: You are partially covered in large bone
                  | plates. (SH +4) [demonic ancestry]
 14480 | D:10     | Reached XP level 11. HP: 75/75 MP: 11/11
 14616 | D:10     | Reached skill level 12 in Axes
 14667 | D:10     | Found a portal to a secret trove of treasure.
 14714 | D:10     | Found a staircase to the Orcish Mines.
 15253 | D:10     | Received a gift from Trog
 15258 | D:10     | Got a pitted battleaxe {god gift}
 15259 | D:10     | Identified the +2 battleaxe of an ice cave {vorpal, rPois
                  | rF+ Int-5 Dex+5} (Trog gifted it to you on level 10 of the
                  | Dungeon)
 15567 | D:11     | Noticed a boulder beetle
 15593 | D:11     | Annihilated by a boulder beetle

Illustrated notes

Levels and vault maps discovered:
D:1:      tarquinn_simple_flora_water_a, layout_basic, serial_park_tiny_2
D:2:      layout_loops_ring, nicolae_overflow_quartered_altars,
          lightli_corner_chamber
D:3:      layout_basic, nicolae_qazlal_style_of_elements,
          chequers_temple_overflow_statue_of_worship
D:4:      layout_cave_pools, fedhas_altar_1, gammafunk_ghost_gnarly_gnolls,
          chequers_serial_rivers_small_3
D:5:      kennysheep_six_static_rooms, layout_loops_ring,
          nicolae_ossuary_entry_ruins, serial_aquarium,
          aquarium_bridge_island_small [aquarium_subvault_small_open,
          aquarium_subvault_window, aquarium_subvault_bridge,
          aquarium_subvault_bridge, aquarium_subvault_window],
          aquarium_bridge_square [aquarium_subvault_balcony,
          aquarium_subvault_wall, aquarium_subvault_window,
          aquarium_subvault_bridge], aquarium_window_corridor_1,
          aquarium_window_fake, aquarium_window_1, aquarium_view_4,
          chequers_serial_rivers_marsh
D:6:      layout_loops_ring, minmay_temple_entry_enclosed_plants,
          minmay_ogre_servants, uniq_maggie
D:7:      layout_basic, dancing_weapons_uskayaw, gammafunk_ghost_gnarly_gnolls,
          serial_shops, kennysheep_mini_moat, chequers_mini_garden,
          lemuel_centaur_altar
D:8:      old_forge, layout_basic, enter_bailey_3
D:9:      layout_long_grid, lair_entry_dummy, hex_large
D:10:     layout_irregular_city, zombieorc1_lemuel, serial_column_ruins,
          column_ruins_hut, column_ruins_grid_1, column_ruins_corridor_straight,
          column_ruins_columns_straight, column_ruins_open_medium,
          column_ruins_grid_3, column_ruins_open_small,
          column_ruins_open_tiny_water, enter_trove_0, minmay_misc_feat_doors,
          grunt_ministairs_8, uniq_nergalle
D:11:     layout_irregular_city, gauntlet_entry_generic, serial_shops, shop,
          kennysheep_generic_room_3, uniq_erolcha
Temple:   nicolae_temple_figure_eight

Skill      XL: |  1  2  3  4  5  6  7  8  9 10 11 |
---------------+----------------------------------+-----
Axes           | 3 4 5 6 7 9 10 11 12 | 12.2
Throwing       | 2 4 6 8 10 | 10.8
Fighting       | |  3.0
Armour         | |  1.7
Dodging        | |  1.7

Action                   |  1- 3 |  4- 6 |  7- 9 | 10-12 || total
-------------------------+-------+-------+-------+-------++-------
Melee: Hand axe          |    97 |   104 |   396 |       ||   597
       Spear             |       |       |    29 |       ||    29
       Halberd           |       |       |    17 |   419 ||   436
Throw: Dart              |       |    45 |    98 |     6 ||   149
Invok: Berserk           |     4 |     5 |    19 |     4 ||    32
       Trog's Hand       |     1 |       |       |       ||     1
       Brothers in Arms  |       |       |     1 |       ||     1
Evoke: Wand              |       |       |    19 |       ||    19
  Use: Scroll            |       |     4 |    19 |     5 ||    28
       Potion            |       |     5 |       |       ||     5
 Stab: Sleeping          |     4 |     3 |    18 |    18 ||    43
       Distracted        |     1 |       |     1 |     2 ||     4
Armor: Animal skin       |    33 |     7 |       |       ||    40
       Robe              |       |     6 |    46 |       ||    52
       Swamp dragon scal |       |       |    78 |    77 ||   155
       Troll leather arm |       |       |       |    73 ||    73
Dodge: Dodged            |    95 |    47 |   189 |   285 ||   616
Block: Other             |       |       |       |    19 ||    19

Table legend: (Time is in decaauts)
 A = Elapsed time spent in this place.
 B = Non-inter-level travel time spent in this place.
 C = Inter-level travel time spent in this place.
 D = Time resting spent in this place.
 E = Time spent auto-exploring this place.
 F = Levels seen in this place.
 G = Mean time per level.
                   A        B        C        D        E       F      G
               +--------+--------+--------+--------+--------+-----+--------+
         Total |  15886 |  15177 |    709 |   4422 |   8077 |  14 | 1134.7 |
       Dungeon |  14074 |  13377 |    697 |   3946 |   7191 |  11 | 1279.5 |
        Temple |    199 |    187 |     12 |      0 |    187 |   1 |  199.0 |
       Ossuary |   1229 |   1229 |      0 |    475 |    462 |   1 | 1229.0 |
        Bailey |    382 |    382 |      0 |      0 |    237 |   1 |  382.0 |
               +--------+--------+--------+--------+--------+-----+--------+

Top non-repeatable levels by time:
     D:5: 2286 daAuts
     D:7: 2123 daAuts
     D:2: 1793 daAuts
     D:9: 1654 daAuts
    D:10: 1328 daAuts
     D:8: 1245 daAuts
 Ossuary: 1229 daAuts
     D:4: 1188 daAuts
     D:3: 1039 daAuts
     D:6: 931 daAuts
     D:1: 448 daAuts
  Bailey: 382 daAuts
  Temple: 199 daAuts
    D:11: 35 daAuts
